 Dungeon Crawl Stone Soup version 0.30-b1-2-g02819fbbbe (webtiles) character file.

Game seed: 2434145676371271494

8533 tilp the Covert (level 11, -15/81 HPs)
             Began as a Vampire Enchanter on May 13, 2023.
             Was a Follower of Wu Jian.
             Shot with an arrow by a centaur warrior (23 damage)
             ... on level 9 of the Dungeon on May 15, 2023.
             The game lasted 00:23:47 (9581 turns).

tilp the Covert (Vampire Enchanter)                 Turns: 9581, Time: 00:23:48

Health: -15/81     AC:  9    Str:  7    XL:     11   Next: 11%
Magic:  0/20       EV: 14    Int: 21    God:    Wu Jian [*.....]
Gold:   153        SH:  0    Dex: 16    Spells: 14/22 levels left

rFire   + . .        a - +2 dagger
rCold   x . .        (no shield)
rNeg    . . .        B - +2 robe
rPois   .            v - +1 helmet
rElec   .            (no cloak)
rCorr   .            u - +1 pair of gloves
SInv    +            C - +0 pair of boots
Will    +....        z - amulet of guardian spirit
Stlth   +++++        G - +4 ring of slaying
HPRegen 0.53/turn    E - ring of fire
MPRegen 0.17/turn

%: guardian spirit
@: healing quickly
A: alive, fangs 3, see invisible, vampiric 2
a: Exsanguinate, Renounce Religion


You were on level 9 of the Dungeon.
You worshipped Wu Jian.
Wu Jian was aware of your devotion.
You visited 2 branches of the dungeon, and saw 10 of its levels.
You also visited: Sewer.

You collected 587 gold pieces.
You spent 434 gold pieces at shops.

Inventory:

Hand Weapons
 a - a +2 dagger (weapon)
Missiles
 h - 10 boomerangs
 w - 4 throwing nets
 y - 26 poisoned darts (quivered)
 L - 6 curare-tipped darts
Armour
 u - a +1 pair of gloves (worn)
 v - a +1 helmet (worn)
 B - a +2 robe (worn)
 C - a +0 pair of boots (worn)
Jewellery
 g - a ring of positive energy
 z - an amulet of guardian spirit (around neck)
 E - a ring of fire (right hand)
 G - a +4 ring of slaying (left hand)
 K - a ring of wizardry
 P - a ring of positive energy
Wands
 x - a wand of acid (3)
 D - a wand of mindburst (12)
 N - a wand of charming (5)
Scrolls
 b - a scroll of silence
 e - 2 scrolls of magic mapping
 i - 3 scrolls of teleportation
 j - 3 scrolls of enchant weapon
 k - 3 scrolls of identify
 n - 2 scrolls of vulnerability
 q - a scroll of immolation
 A - 2 scrolls of poison
 F - a scroll of fog
 I - a scroll of amnesia
 O - a scroll of blinking {unknown}
Potions
 c - 3 potions of invisibility
 d - 3 potions of haste
 f - 2 potions of magic
 l - 3 potions of lignification
 m - 3 potions of brilliance
 o - a potion of might
 p - 5 potions of heal wounds
 r - 2 potions of cancellation
 s - 2 potions of mutation
 t - 3 potions of attraction
 H - a potion of ambrosia
 M - a potion of berserk rage


   Skills:
 * Level 6.1 Fighting
 - Level 10.0 Short Blades
 - Level 2.0 Throwing
 + Level 5.5 Dodging
 + Level 11.3 Stealth
 + Level 6.0 Spellcasting
 + Level 9.4 Hexes
 - Level 2.0 Ice Magic
 + Level 3.8 Evocations


You had 14 spell levels left.
You knew the following spells:

 Your Spells              Type           Power      Damage    Failure   Level
a - Ensorcelled Hibernat  Hex/Ice        60%        N/A       1%          2
b - Confusing Touch       Hex            46%        N/A       1%          3
c - Tukima's Dance        Hex            46%        N/A       1%          3

Your spell library contained the following spells:

 Spells                   Type           Power      Damage    Failure   Level
 Dazzling Flash           Conj/Hex       52%        N/A       4%          3
 Ozocubu's Armour         Ice            14%        N/A       13%         3
 Lesser Beckoning         Tloc           12%        N/A       14%         2
 Poisonous Vapours        Pois/Air       12%        N/A       14%         2
 Sublimation of Blood     Necr           6%         N/A       14%         2
 Metabolic Englaciation   Hex/Ice        15%        N/A       26%         5
 Gell's Gravitas          Tloc           6%         N/A       28%         3
 Mephitic Cloud           Conj/Pois/Air  6%         N/A       28%         3
 Teleport Other           Tloc           6%         N/A       28%         3
 Petrify                  Tmut/Erth      6%         N/A       67%         4
 Freezing Cloud           Conj/Ice/Air   4%         6-21      90%         5
 Irradiate                Conj/Tmut      3%         3d12      95%         5
 Simulacrum               Ice/Necr       5%         N/A       100%        6


Dungeon Overview and Level Annotations

Branches:
Dungeon (9/15)             Temple (1/1) D:6            Lair (0/5) D:9
  Sewer (visited)
    Orc: D:9-12

Altars:
Ashenzari
Cheibriados
Dithmenos
Fedhas
Gozag
Hepliaklqana
Kikubaaqudgha
Nemelex Xobeh
Okawaru
Qazlal
Ru
Trog
Uskayaw
Vehumet
Wu Jian
Xom
Yredelemnul

Shops:
D:1 *!   D:4 ?=?   D:5 *   D:6 ?


Innate Abilities, Weirdness & Mutations

Your natural rate of healing is accelerated.
You have razor-sharp teeth.
You have supernaturally acute eyesight. (SInv)
You are afflicted with vampirism and can become a bat while bloodless.


Message History

The centaur warrior wields a +0 shortbow.
The centaur warrior shoots an arrow.
The arrow misses you.
The centaur warrior shoots an arrow.
The arrow hits you!!
* * * LOW HITPOINT WARNING * * *
The centaur warrior shoots an arrow.
The arrow closely misses you.
Okay, then.
You feel much better.
The centaur warrior shoots an arrow.
The arrow barely misses you.
The manticore flicks its tail.
The volley of spikes misses you.
Aiming: Charm
Press: ? - help, Shift-Dir - straight line, f - centaur warrior, p - manticore
Aim: a centaur warrior, wielding a +0 shortbow and wearing a +4 ring of slaying (chance to affect: 41%)
Okay, then.
Aiming: Mindburst
Press: ? - help, Shift-Dir - straight line, f - centaur warrior, p - manticore
Aim: a centaur warrior, wielding a +0 shortbow and wearing a +4 ring of slaying (chance to affect: 63%)
The centaur warrior resists with significant effort.
The centaur warrior shoots an arrow.
The arrow closely misses you.
The manticore flicks its tail.
The volley of spikes misses you.
The centaur warrior shoots an arrow.
The arrow hits you!
* * * LOW HITPOINT WARNING * * *
Unknown command.
Unknown command.
Aiming: Mindburst
Press: ? - help, Shift-Dir - straight line, f/p - centaur warrior
Aim: a centaur warrior, wielding a +0 shortbow and wearing a +4 ring of slaying (chance to affect: 63%)
The centaur warrior's mind is blasted!!
The centaur warrior shoots an arrow.
The arrow hits you!
* * * LOW HITPOINT WARNING * * *
The manticore flicks its tail.
The volley of spikes misses you.
Unknown command.
Unknown command.
Unknown command.
You feel much better.
The centaur warrior shoots an arrow.
The arrow hits you!
* * * LOW HITPOINT WARNING * * *
The centaur warrior shoots an arrow.
The arrow hits you!!
You die...

#.....#..#.....#..#......
#.....#..#######..#......
###.####..#.#.#..## ....>
.......##.....).## .....
........##.....## ....
.........###.###... ....
............H)......
....................
...c)....@..........
....................
..#####'#...........
#.....#.....######
#.....#.....#
#.....#.....#
#.<...#.....#
#....<#.....#
#######.....+


You could see a centaur warrior and a manticore.

Vanquished Creatures
  A centaur warrior (D:9)
  A boulder beetle (D:9)
  2 two-headed ogres
  Pikel (D:5)
  Maggie (D:8)
  A gargoyle (D:9)
  A hornet (D:9)
  A shadow (D:9)
  3 yaks (D:8)
  4 fire bats (D:8)
  2 steam dragons (D:8)
  A dancing weapon (D:7)
  2 water moccasins
  A hell hound (D:8)
  3 black bears
  3 orc warriors
  3 sky beasts
  An ogre (D:6)
  2 centaurs
  5 kobold brigands
  A lemure (D:5)
  2 bullfrogs
  Blork the orc (D:4)
  2 gnoll sergeants
  A scorpion (D:6)
  A wight (D:8)
  6 killer bees
  A howler monkey (D:9)
  2 lava snakes (D:8)
  2 jellies
  5 hounds
  3 orc priests (D:7)
  4 sleepcaps
  Jessica (D:3)
  Terence (D:3)
  6 iguanas
  9 orc wizards
  10 gnolls
  3 adders
  A shadow imp (D:8)
  2 worms
  2 dart slugs
  15 orcs
  5 ball pythons
  12 endoplasms
  6 giant cockroaches
  3 goblins
  5 hobgoblins
  5 jackals
  18 kobolds
  5 quokkas
  13 bats
  7 frilled lizards
  7 rats
206 creatures vanquished.

Vanquished Creatures (collateral kills)
  2 orcs (D:8)
2 creatures vanquished.

Vanquished Creatures (others)
  A centaur warrior (D:9)
  2 dancing weapons
  A killer bee (D:9)
  A shadow imp (D:8)
  A white imp (D:8)
  An orc (D:8)
  A fungus (Sewer)
  25 plants (D:4)
33 creatures vanquished.

Grand Total: 241 creatures vanquished

Notes
Turn   | Place    | Note
-------+----------+-------------------------------------------
     0 | D:1      | tilp the Vampire Enchanter began the quest for the Orb.
     0 | D:1      | Reached XP level 1. HP: 13/13 MP: 3/3
   150 | D:1      | Reached XP level 2. HP: 20/20 MP: 5/5
   170 | D:1      | Found Melosk's Distillery.
   175 | D:1      | Found Pomuyjie's Assorted Antiques.
   254 | D:1      | Learned a level 2 spell: Ensorcelled Hibernation
   713 | D:1      | Gained mutation: You are afflicted with vampirism and can
                  | become a bat while bloodless. [Vampire growth]
   713 | D:1      | Reached XP level 3. HP: 21/25 MP: 6/6
   719 | D:1      | Learned a level 3 spell: Confusing Touch
   762 | D:1      | Bought a scroll labelled CAIR NYS PIFAC for 22 gold pieces
   974 | D:2      | Reached skill level 1 in Fighting
  1685 | D:1      | Bought a scroll labelled BIKON NEHEVEN for 22 gold pieces
  1685 | D:1      | Bought 3 scrolls labelled BIKON NEHEVEN for 66 gold pieces
  1685 | D:1      | Bought a scroll labelled PUIMIM SIUSEDIOG for 22 gold
                  | pieces
  1863 | D:3      | Reached XP level 4. HP: 24/32 MP: 1/7
  1978 | D:3      | Reached skill level 5 in Stealth
  1983 | D:3      | Learned a level 3 spell: Tukima's Dance
  2295 | D:3      | Noticed Terence
  2304 | D:3      | Killed Terence
  2349 | D:3      | Reached XP level 5. HP: 38/38 MP: 9/9
  2477 | D:3      | Found a stormy altar of Qazlal.
  2477 | D:3      | Noticed a sky beast
  2477 | D:3      | Noticed Jessica
  2488 | D:3      | Killed Jessica
  2538 | D:3      | Killed a sky beast
  2539 | D:3      | Reached skill level 5 in Hexes
  2539 | D:3      | Reached XP level 6. HP: 20/46 MP: 1/10
  2774 | D:1      | Bought a scroll labelled BORYALUZON for 22 gold pieces
  2774 | D:1      | Bought a scroll labelled BORYALUZON for 22 gold pieces
  2774 | D:1      | Bought a scroll labelled NOCROGEIPHA for 22 gold pieces
  2861 | D:4      | Noticed Blork the orc
  2861 | D:4      | Found Norchetzy's Magic Scroll Shop.
  2861 | D:4      | Found Ruinink's Jewellery Shop.
  2861 | D:4      | Found Lopemol's Magic Scroll Shop.
  2862 | D:4      | Killed Blork the orc
  4046 | D:4      | Reached skill level 6 in Stealth
  4046 | D:4      | Reached XP level 7. HP: 42/51 MP: 3/12
  4365 | D:5      | Entered Level 5 of the Dungeon
  4375 | D:5      | Found a blossoming altar of Fedhas.
  4434 | D:5      | HP: 2/52 [orc wizard/magic dart (7)]
  4533 | D:5      | Noticed Pikel
  4561 | D:5      | Killed Pikel
  4562 | D:5      | Reached skill level 7 in Stealth
  4562 | D:5      | Reached XP level 8. HP: 35/60 MP: 3/14
  4609 | D:5      | Found a glowing drain.
  4613 | Sewer    | Entered a sewer
  5061 | Sewer    | Reached skill level 5 in Short Blades
  5228 | D:5      | Found Nire's General Store.
  5310 | D:5      | Bought a scroll of identify for 28 gold pieces
  5408 | D:5      | Reached skill level 5 in Spellcasting
  5686 | D:6      | Found Xatovvyu's Magic Scroll Boutique.
  5769 | D:6      | Bought a scroll of silence for 104 gold pieces
  5769 | D:6      | Bought a scroll of identify for 22 gold pieces
  5843 | D:6      | Reached skill level 8 in Stealth
  6024 | D:6      | Found a staircase to the Ecumenical Temple.
  6048 | Temple   | Entered the Ecumenical Temple
  6275 | Temple   | Became a worshipper of the Wu Jian Council
  6345 | D:6      | Noticed a two-headed ogre
  6350 | D:6      | Killed a two-headed ogre
  6351 | D:6      | Reached skill level 9 in Stealth
  6351 | D:6      | Reached XP level 9. HP: 65/65 MP: 10/16
  7049 | D:7      | Reached skill level 10 in Stealth
  7121 | D:7      | Found a broken altar of Ashenzari.
  7560 | D:7      | Noticed a two-headed ogre
  7567 | D:7      | HP: 3/65 [two-headed ogre/+0 giant spiked club (21)]
  7736 | D:7      | Killed a two-headed ogre
  7737 | D:7      | Reached skill level 10 in Short Blades
  7737 | D:7      | Reached XP level 10. HP: 67/71 MP: 2/17
  7892 | D:7      | Found a snail-covered altar of Cheibriados.
  7930 | D:6      | Bought a scroll of enchant armour for 82 gold pieces
  7973 | D:8      | Reached skill level 1 in Throwing
  7975 | D:8      | Reached skill level 1 in Ice Magic
  8175 | D:8      | Reached * piety under Wu Jian
  8630 | D:8      | Reached skill level 5 in Fighting
  8819 | D:8      | Noticed Maggie
  8821 | D:8      | Killed Maggie
  9207 | D:9      | Reached skill level 5 in Dodging
  9209 | D:9      | Noticed a centaur warrior
  9213 | D:9      | Noticed a two-headed ogre
  9332 | D:9      | Noticed a centaur warrior
  9336 | D:9      | Killed a centaur warrior
  9337 | D:9      | Reached skill level 11 in Stealth
  9358 | D:9      | Noticed a gargoyle
  9367 | D:9      | Killed a gargoyle
  9368 | D:9      | Reached XP level 11. HP: 29/81 MP: 1/19
  9554 | D:9      | Noticed a boulder beetle
  9556 | D:9      | Killed a boulder beetle
  9562 | D:9      | Found a staircase to the Lair.
  9575 | D:9      | Noticed a centaur warrior
  9577 | D:9      | HP: 3/81 [centaur warrior/arrow (25)]
  9580 | D:9      | HP: 1/81 [centaur warrior/arrow (16)]
  9581 | D:9      | Shot with an arrow by a centaur warrior

Illustrated notes

Levels and vault maps discovered:
D:1:      lemuel_arrival_cross, layout_basic, serial_shops, shop, shop,
          minmay_tromino_v4_a
D:2:      layout_basic
D:3:      layout_rooms, nicolae_qazlal_beasts_of_the_sky,
          mainiacjoe_overflow_24_doors, uniq_jessica, uniq_terence
D:4:      layout_loops_corners, serial_bayou_pond_c, grunt_decor_cap,
          nicolae_shop_distant_corner_stores, nicolae_grassy_gnolls,
          uniq_blork_the_orc
D:5:      layout_cave_pools, mainiacjoe_overflow_concentric_impassable,
          serial_shops, nicolae_shop_tiny_statue_garden, gup_sewer_entry_bowl,
          uniq_pikel
D:6:      layout_loops_ring, minmay_temple_entry_statues_pillars, serial_shops,
          shop
D:7:      layout_rooms, nicolae_overflow_hidden_temple, minmay_small_thing
D:8:      kennysheep_ambush_hall, layout_loops_ring, hangedman_incinerator,
          uniq_maggie
D:9:      minmay_the_grid_octo_tiled_octocenter [minmay_the_grid_octo_shrine,
          minmay_the_grid_octo_chip, minmay_the_grid_octo_fat_diamond,
          minmay_the_grid_octo_checkered, minmay_the_grid_octo_prize_star,
          minmay_the_grid_square_5x5_empty, minmay_the_grid_square_5x5_shrine1,
          minmay_the_grid_square_5x5_c, minmay_the_grid_square_5x5_tie],
          layout_irregular_city, lair_entry_dummy, kennysheep_another_room
Temple:   regret_index_temple_generic_petals

Skill      XL: |  1  2  3  4  5  6  7  8  9 10 11 |
---------------+----------------------------------+-----
Short Blades   | 2 3 4 7 10 | 10.0
Fighting       | 1 2 3 4 5 6 |  6.1
Stealth        | 5 6 7 9 10 11 | 11.3
Spellcasting   | 3 4 5 6 |  6.0
Dodging        | 3 4 5 |  5.5
Hexes          | 5 6 8 9 |  9.4
Evocations     | 2 3 |  3.8
Throwing       | 2 |  2.0
Ice Magic      | 2 |  2.0

Action                     |  1- 3 |  4- 6 |  7- 9 | 10-12 || total
---------------------------+-------+-------+-------+-------++-------
  Melee: Dagger            |   127 |    95 |   155 |    89 ||   466
         Bite              |    11 |     7 |    18 |     9 ||    45
         Punch             |       |       |     2 |     1 ||     3
   Cast: Ensorcelled Hiber |    17 |    44 |    92 |    41 ||   194
         Confusing Touch   |       |     4 |     5 |     7 ||    16
         Tukima's Dance    |       |       |     4 |     2 ||     6
Ability: Lunge             |       |       |     6 |    19 ||    25
         Whirlwind         |       |       |       |     3 ||     3
  Evoke: Wand              |       |       |     5 |     9 ||    14
    Use: Scroll            |     9 |     4 |     8 |     7 ||    28
         Potion            |       |       |     2 |     2 ||     4
   Stab: Sleeping          |    28 |    29 |    59 |    33 ||   149
         Confused          |       |     3 |     4 |     3 ||    10
 Armour: Robe              |    15 |    23 |    44 |    10 ||    92
  Dodge: Dodged            |    67 |    56 |    81 |    67 ||   271
